Map: 汇龙岛 - 天梯版

Players

TIME (Oliveira) - Winner!

  • Race: Terran Terran
  • Spawn Location: 11:00

Cloudy

  • Race: Protoss Protoss
  • League: Master
  • Spawn Location: 5:00

Event: 2018 Hangzhou StarCraft Carnival

VOD

Have the link to the VOD?

Description

Time

  • Played on: April 29, 2018, 12:43 a.m.
  • Length: 9:00

All games in this series

Show
View Real Time Build Order
Export as new Build Order

TIME Terran - Winner!

Build Orders: Cyclone Opening, MMM Bio 

Get SALT Encoding   

  12  0:00  SCV  
  13  0:12  SCV  
  14  0:17  Supply Depot  
  14  0:25  SCV  
  15  0:30  Refinery  
  15  0:39  SCV  
  16  0:44  Barracks  
  16  0:51  SCV  
  17  1:03  SCV  
  18  1:15  SCV  
  19  1:31  Marine, Orbital Command  
  20  1:43  Command Center  
  20  1:56  Factory  
  20  2:00  SCV  
  21  2:05  Refinery  
  21  2:08  Barracks Reactor  
  21  2:12  SCV  
  22  2:16  Supply Depot  
  22  2:25  SCV  
  23  2:38  SCV  
  24  2:46  Cyclone x2  
  24  2:50  SCV  
  31  2:55  Barracks Tech Lab  
  31  2:57  Orbital Command  
  31  3:02  SCV  
  32  3:16  SCV, Stimpack  
  32  3:19  Hellion x2  
  37  3:22  SCV  
  37  3:25  Marine  
  39  3:28  SCV  
  40  3:34  SCV, Supply Depot  
  40  3:40  SCV  
  42  3:43  Marine  
  42  3:44  Barracks  
  42  3:48  SCV  
  44  3:52  SCV  
  45  4:01  Marine  
  43  4:03  SCV  
  43  4:06  SCV  
  43  4:08  Barracks  
  42  4:10  Bunker  
  42  4:12  Factory Tech Lab  
  42  4:15  SCV  
  42  4:16  Engineering Bay  
  41  4:18  SCV  
  41  4:19  Marine  
  43  4:27  SCV  
  43  4:30  SCV  
  45  4:32  Supply Depot  
  45  4:33  Marine x2  
  45  4:37  Marauder  
  47  4:39  SCV  
  47  4:42  SCV  
  47  4:43  Terran Infantry Weapons Level 1  
  47  4:44  Factory Reactor  
  47  4:45  Starport  
  49  4:47  Refinery  
  49  4:51  Marine x2, SCV  
  52  4:54  SCV, Supply Depot  
  52  4:59  Marauder  
  55  5:03  SCV  
  55  5:04  Combat Shields  
  55  5:05  Marauder  
  55  5:06  SCV  
  59  5:07  Supply Depot  
  59  5:08  Marine  
  59  5:09  Marine  
  59  5:12  Refinery  
  61  5:19  SCV x2  
  61  5:21  Marauder  
  63  5:25  Marine  
  62  5:28  Medivac x2  
  62  5:29  Marine  
  62  5:30  Factory Reactor  
  62  5:31  Concussive Shells  
  62  5:32  SCV  
  62  5:35  Supply Depot  
  69  5:36  Supply Depot  
  69  5:37  Marine  
  69  5:42  Marauder  
  71  5:43  Marine  
  71  5:47  Marine  
  73  5:54  Marine  
  74  6:00  Medivac x2  
  74  6:02  Marauder  
  74  6:03  Marauder  
  80  6:05  Marine  
  80  6:07  Widow Mine x2, Supply Depot  
  85  6:12  Marine  
  85  6:13  Liberator  
  85  6:17  Liberator  
  85  6:22  Marine  
  85  6:23  Marauder  
  87  6:25  SCV  
  87  6:26  SCV  
  87  6:29  Widow Mine x2  
  96  6:34  Command Center  
  96  6:38  SCV  
  96  6:39  Marine  
  102  6:40  Marauder  
  102  6:44  Supply Depot  
  102  6:45  Supply Depot  
  102  6:48  Terran Infantry Armor Level 1  
  102  6:55  Supply Depot  
  102  7:03  Liberator  
  102  7:05  Marine  
  102  7:06  SCV x2, Liberator, Widow Mine x2  
  102  7:07  Marine  
  102  7:08  Marauder x2  
  114  7:18  SCV x2, Barracks  
  114  7:19  Barracks  
  114  7:21  Supply Depot  
  119  7:27  Marine x2  
  124  7:31  Supply Depot  
  124  7:33  SCV x2  
  126  7:42  Marine  
  126  7:43  Widow Mine x2, Marauder  
  132  7:46  Liberator  
  132  7:47  Orbital Command  
  132  7:48  SCV  
  132  7:49  Liberator  
  132  7:50  Marine x2  
  135  7:52  SCV  
  135  7:55  Supply Depot  
  136  7:59  Marine  
  136  8:03  Marine  
  141  8:09  Barracks Reactor  
  141  8:10  Barracks Tech Lab  
  141  8:11  Marine, Widow Mine x2  
  149  8:15  SCV  
  149  8:18  Marauder  
  152  8:20  Marine, Armory  
  152  8:21  Engineering Bay  
  152  8:22  Marine  
  154  8:29  Marine  
Show
View Real Time Build Order
Export as new Build Order

Cloudy Protoss 

Build Orders: 1 Gate Expand, Blink Stalkers 

Get SALT Encoding   

  12  0:01  Probe  
  13  0:13  Probe  
  14  0:18  Pylon  
  14  0:25  Probe  
  15  0:33  Probe  
  15  0:40  Gateway  
  15  0:41  Probe  
  16  0:49  Assimilator  
  17  0:51  Probe  
  18  1:04  Probe  
  19  1:16  Probe  
  20  1:26  Nexus  
  20  1:36  Cybernetics Core  
  20  1:37  Probe  
  21  1:42  Assimilator  
  21  1:49  Probe  
  21  1:52  Pylon  
  22  2:02  Probe  
  22  2:06  Warp Gate  
  23  2:13  Stalker, Probe  
  26  2:21  Probe  
  26  2:26  Twilight Council  
  26  2:29  Probe  
  28  2:38  Stalker  
  28  2:39  Probe  
  31  2:44  Probe  
  32  2:51  Probe  
  32  2:53  Blink  
  32  2:56  Probe  
  33  3:02  Gateway  
  33  3:05  Probe  
  34  3:08  Probe  
  35  3:17  Gateway  
  35  3:23  Stalker  
  35  3:25  Probe  
  38  3:32  Shield Battery, Probe  
  39  3:37  Pylon  
  39  3:40  Probe  
  40  3:44  Probe  
  41  3:52  Probe  
  40  4:07  Probe  
  41  4:13  Probe  
  41  4:16  Stalker x2  
  41  4:17  Stalker  
  48  4:20  Probe  
  49  4:25  Probe  
  50  4:31  Nexus  
  50  4:32  Pylon  
  50  4:38  Probe  
  50  4:39  Probe  
  50  4:42  Robotics Facility  
  52  4:45  Stalker  
  52  4:50  Stalker x2  
  58  4:54  Pylon  
  58  4:57  Assimilator  
  58  5:00  Charge  
  58  5:07  Forge  
  58  5:10  Forge, Probe  
  58  5:11  Probe, Protoss Ground Armor Level 1  
  60  5:18  Sentry  
  60  5:19  Pylon  
  62  5:22  Probe  
  62  5:23  Protoss Ground Weapons Level 1, Probe  
  64  5:32  Gateway  
  64  5:33  Gateway, Observer  
  64  5:34  Probe  
  65  5:35  Gateway  
  64  5:47  Probe x2  
  64  5:48  Probe  
  67  5:54  Gateway  
  67  6:02  Probe x2  
  67  6:03  Gateway, Probe  
  70  6:04  Sentry  
  70  6:11  Pylon  
  72  6:13  Zealot  
  72  6:14  Zealot, Probe x2  
  72  6:15  Probe  
  79  6:25  Pylon  
  79  6:26  Immortal  
  79  6:29  Zealot  
  85  6:33  Zealot x3  
  91  6:40  Zealot x2  
  95  6:53  Pylon  
  95  6:54  Pylon, Zealot x5  
  105  7:04  Pylon  
  105  7:05  Pylon  
  105  7:07  Zealot x2  
  109  7:11  Pylon  
  109  7:21  Gateway  
  109  7:25  Zealot x4  
  118  7:30  Observer  
  118  7:35  Zealot x3  
  124  7:48  Stalker x2  
  124  7:49  Stalker x2  
  132  7:51  Probe x2  
  132  7:52  Probe  
  132  7:55  Pylon  
  132  7:57  Pylon  
  135  8:03  Zealot x3  
  139  8:14  Stalker x3  
  139  8:15  Zealot  
  145  8:28  Zealot x4  
  131  8:40  Zealot x4  
  72  8:48  Zealot x4  
Tags
 
Add a new tag
Caveats
  • Supply blocks, unpowered buildings, or Contaminate may cause inaccurate times.
  • Supply counts are checked every 10 seconds.